AoeStats
← hugo94

Arena

506443559Analyzed
3v3 RM · 17d ago on Sep 13, 2026· 50m 48s· 6 players
Game mode
Random Map
Map size
Normal (6 player)
Population
200
Speed
Normal
Resources
Standard
Victory
Conquest
Starting age
Dark Age
Ending age
Imperial Age
RankedLock teamsTeams togetherTeam positionsShared explorationLock speedFull tech treeHidden civsTurbo modeCheats
Victory
Defeat
🇳🇱 Persians · Netherlands
742
+24
🇳🇱 Franks · Netherlands
718
+17
🇳🇱 Britons · Netherlands
718
+17
🇪🇸 Khmer · Spain
759
-17
🇺🇸 Celts · United States
757
-16
🇪🇸 Spanish · Spain
736
-17
hugo94
12:07 Feudal Age
16:17 Castle Age
14:35 Double-Bit Axe
15:19 Gold Mining
16:08 Stone Mining
19:14 Wheelbarrow
18:25 Loom
19:16 Bow Saw
23:09 Hand Cart
24:53 Gold Shaft Mining
28:36 Imperial Age
27:43 Forging
27:34 Scale Mail Armor
27:43 Scale Barding Armor
29:04 Iron Casting
28:41 Elite Throwing Axeman
29:27 Scale Mail Armor
30:02 Cavalier
30:43 Husbandry
31:18 #83
32:48 Blast Furnace
36:21 Town Watch
36:35 Paladin
38:11 Chain Barding Armor
38:06 Chain Mail Armor
41:25 Plate Mail Armor
41:30 Plate Barding Armor
jannusodb
11:43 Feudal Age
9:59 Loom
14:29 Double-Bit Axe
14:26 Horse Collar
17:54 Castle Age
17:21 Gold Mining
17:22 Stone Mining
17:53 Double-Bit Axe
17:52 Horse Collar
21:46 Bow Saw
21:52 Heavy Plow
22:48 Pikeman
23:28 Squires
23:14 Arson
27:09 Fletching
27:20 Padded Archer Armor
28:16 Murder Holes
36:02 Wheelbarrow
thed94
0:49 Loom
14:42 Feudal Age
20:58 Wheelbarrow
20:43 Scale Barding Armor
24:45 Castle Age
26:32 Horse Collar
27:14 Hand Cart
41:27 Imperial Age
39:28 Chain Barding Armor
39:15 Kamandaran
42:51 Elite War Elephant
pauss33
6:30 Loom
10:00 Feudal Age
11:22 Wheelbarrow
10:36 Double-Bit Axe
17:31 Horse Collar
21:27 Castle Age
19:27 Stone Mining
19:48 Gold Mining
22:32 Hand Cart
22:20 Heavy Plow
22:33 Bow Saw
23:56 Scale Barding Armor
23:56 Husbandry
25:12 Bloodlines
28:12 Chain Barding Armor
35:27 Imperial Age
36:05 Stone Shaft Mining
37:17 Capped Ram
38:29 Pikeman
39:10 Squires
Quenlionn14
9:45 Feudal Age
11:12 Wheelbarrow
10:26 Double-Bit Axe
11:20 Loom
12:58 Horse Collar
13:40 Gold Mining
19:43 Castle Age
18:08 Stone Mining
26:58 Hand Cart
35:36 Murder Holes
36:03 Ballistics
35:36 Fletching
37:05 Scale Barding Armor
36:56 Bodkin Arrow
37:16 Masonry
41:07 Tusk Swords
43:35 Pikeman
45:01 Chain Barding Armor
44:52 Forging
Forgotten Brother
11:12 Feudal Age
9:31 Loom
11:48 Man-at-Arms
13:26 Town Watch
13:45 Double-Bit Axe
13:56 Horse Collar
17:01 Scale Mail Armor
21:54 Forging
23:04 Wheelbarrow
24:57 Castle Age
23:34 Scale Barding Armor
23:58 Arson
25:30 Gold Mining
27:02 Hand Cart
27:01 Husbandry
26:22 Light Cavalry
27:36 Chain Barding Armor
28:59 Stone Mining
30:33 Long Swordsman
30:58 Gambesons
32:12 Town Patrol
32:45 Pikeman
Connection lost

Rejoining the realm…

Still unreachable

The connection could not be restored.

Session expired

The server has moved on; the page needs a fresh start.